 Dungeon Crawl Stone Soup version 0.30.1-4-g462c640d31 (webtiles) character file.

Game seed: 10775595418178328076

402 Heoruswealwe the Magician (level 6, -3/32 HPs)
             Began as a Deep Elf Conjurer on Aug 15, 2023.
             Slain by a wyvern zombie (5 damage)
             ... in an ossuary.
             The game lasted 00:23:47 (2524 turns).

Heoruswealwe the Magician (Deep Elf Conjurer)       Turns: 2524, Time: 00:23:48

Health: -3/32      AC:  4    Str:  4    XL:     6   Next: 55%
Magic:  14/18      EV: 12    Int: 25    God:
Gold:   148        SH:  0    Dex: 13    Spells: 5/19 levels left

rFire   . . .        (no weapon)
rCold   . . .        (no shield)
rNeg    . . .        c - +0 robe
rPois   .            (no helmet)
rElec   .            (no cloak)
rCorr   .            (no gloves)
SInv    .            e - +1 pair of boots
Will    .....        i - amulet of magic regeneration
Stlth   ++           (no ring)
HPRegen 0.25/turn    (no ring)
MPRegen 0.56/turn

%: no passive effects
@: no status effects
A: no striking features
a: no special abilities


You were in an ossuary.
You visited 1 branch of the dungeon, and saw 5 of its levels.
You also visited: Ossuary.

You collected 148 gold pieces.

Inventory:

Armour
 c - a +0 robe (worn)
 e - a +1 pair of boots (worn)
 h - a +0 robe
 j - a +0 robe
 m - a +0 robe
Jewellery
 i - an amulet of magic regeneration (around neck)
Scrolls
 b - 3 scrolls of identify {unknown}
 d - 3 scrolls of vulnerability {unknown}
 f - a scroll of enchant weapon {unknown}
 g - a scroll of magic mapping {unknown}
 o - a scroll of immolation {unknown}
Potions
 a - a potion of heal wounds {unknown}
 k - a potion of flight {unknown}
 l - a potion of attraction {unknown}
 n - 2 potions of curing {unknown}
 p - a potion of might {unknown}
 q - a potion of mutation {unknown}
 r - a potion of berserk rage {unknown}


   Skills:
 - Level 2.4 Dodging
 - Level 2.4 Stealth
 + Level 7.0 Spellcasting
 + Level 6.9 Conjurations


You had 5 spell levels left.
You knew the following spells:

 Your Spells              Type           Power      Damage    Failure   Level
a - Magic Dart            Conj           100%       1d8       1%          1
b - Searing Ray           Conj           86%        2d7       1%          2
c - Dazzling Flash        Conj/Hex       52%        N/A       4%          3
d - Fulminant Prism       Conj/Hex       13%        3d9       16%         4
e - Iskenderun's Mystic   Conj/Tloc      26%        2d7       16%         4

Your spell library contained the following spells:

 Spells                   Type           Power      Damage    Failure   Level
 Apportation              Tloc           16%        N/A       7%          1
 Volatile Blastmotes      Fire/Tloc      16%        2d11      21%         3
 Alistair's Intoxication  Tmut/Pois      5%         N/A       88%         5
 Starburst                Conj/Fire      13%        6d5       94%         6


Dungeon Overview and Level Annotations

Branches:
Dungeon (6/15)            Ossuary (1/1)
 Temple: D:4-7

Altars:
Kikubaaqudgha


Message History

Confirm with . or Enter, or press ? or * to list all spells.
Aiming: Magic Dart (safe; 1% risk of failure)
Press: ? - help, Shift-Dir - straight line, f/p - water moccasin zombie
Aim: a water moccasin zombie (almost destroyed, 100% to hit)
The magic dart hits the water moccasin zombie.
You destroy the water moccasin zombie!
Your Spellcasting skill increases to level 7!
There is an open door here.
You start resting.
Magic restored.
You start resting.
A wyvern zombie comes into view.
The magic dart hits the wyvern zombie.
The wyvern zombie is lightly damaged.
The magic dart hits the wyvern zombie.
The wyvern zombie is moderately damaged.
The wyvern zombie bites you.
You are too injured to fight recklessly!
You are too injured to fight recklessly!
You are too injured to fight recklessly!
Casting: Magic Dart (safe; 1% risk of failure)
Confirm with . or Enter, or press ? or * to list all spells.
Aiming: Searing Ray (safe; 1% risk of failure)
Press: ? - help, Shift-Dir - straight line, f/p - wyvern zombie
Aim: a wyvern zombie (moderately damaged, 94% to hit)
The searing ray hits the wyvern zombie!
The wyvern zombie is heavily damaged. (Press . to maintain the ray.)
The wyvern zombie bites you. The wyvern zombie barely misses you.
The searing ray hits the wyvern zombie!
The wyvern zombie is severely damaged.
The wyvern zombie bites you!
* * * LOW HITPOINT WARNING * * *
The searing ray hits the wyvern zombie.
The wyvern zombie is almost destroyed.
The wyvern zombie completely misses you.
The searing ray misses the wyvern zombie.
You finish channelling your searing ray.
The wyvern zombie bites you.
You die...

#
#+#+#+#'#+#'#
+...........~
#.##Z##+##+##
+.#.@.#
#.#.∩.#
+.#..∩#
#.##### +~ #.


You could see a wyvern zombie.

Vanquished Creatures
  A kobold brigand (D:6)
  A water moccasin zombie (Ossuary)
  A jelly (D:6)
  2 iguanas (D:6)
  3 mummies (Ossuary)
  3 gnolls (D:6)
  6 adders
  A shadow imp (D:6)
  A worm (D:2)
  A dart slug (D:1)
  5 endoplasms
  2 giant cockroaches (D:2)
  7 goblins
  7 hobgoblins
  4 quokkas
  2 ball pythons (D:2)
  4 bats
  2 frilled lizards
  11 kobolds
  A rat (D:1)
  2 rat zombies (D:6)
67 creatures vanquished.

Vanquished Creatures (others)
  A human (D:3)
1 creature vanquished.

Grand Total: 68 creatures vanquished

Notes
Turn   | Place    | Note
-------+----------+-------------------------------------------
     0 | D:1      | Heoruswealwe the Deep Elf Conjurer began the quest for the
                  | Orb.
     0 | D:1      | Reached XP level 1. HP: 10/10 MP: 6/6
   131 | D:1      | Found a faded altar of an unknown god.
   146 | D:1      | Reached XP level 2. HP: 15/15 MP: 5/8
   149 | D:1      | Learned a level 2 spell: Searing Ray
   688 | D:2      | Reached skill level 4 in Spellcasting
   721 | D:2      | Reached XP level 3. HP: 19/19 MP: 2/10
   746 | D:2      | Reached skill level 5 in Conjurations
   751 | D:2      | Learned a level 3 spell: Dazzling Flash
   887 | D:1      | You fall into a shaft and drop 1 floor!
  1361 | D:3      | Reached XP level 4. HP: 23/24 MP: 8/12
  1366 | D:3      | Learned a level 4 spell: Fulminant Prism
  1528 | D:3      | Found an ancient bone altar of Kikubaaqudgha.
  1534 | D:3      | Noticed a human
  1535 | D:3      | Killed a human
  1984 | D:3      | Reached skill level 5 in Spellcasting
  2131 | D:4      | You fall into a shaft and drop 2 floors!
  2155 | D:6      | Reached XP level 5. HP: 13/28 MP: 7/14
  2160 | D:6      | Learned a level 4 spell: Iskenderun's Mystic Blast
  2284 | D:6      | Reached skill level 6 in Spellcasting
  2289 | D:6      | Reached XP level 6. HP: 32/32 MP: 11/17
  2392 | D:6      | Found a sand-covered staircase.
  2427 | Ossuary  | Entered an ossuary
  2476 | Ossuary  | Reached skill level 7 in Spellcasting
  2524 | Ossuary  | Slain by a wyvern zombie

Illustrated notes

Levels and vault maps discovered:
D:1:      grunt_arrival_crossed_arrows, layout_rooms,
          chequers_ecumenical_altar_island
D:2:      layout_basic, supply_closet_lemuel
D:3:      layout_basic, tgw_kikubaaqudgha, nicolae_hexahallways
D:4:      layout_cave_pools
D:6:      layout_basic, enter_ossuary_4, hangedman_abyss_or_decor_stagger
Ossuary:  ossuary_zaba_flooded

Skill      XL: |  1  2  3  4  5  6 |
---------------+-------------------+-----
Spellcasting   | 4 5 6 7 |  7.0
Conjurations   | 5 6 |  6.9
Dodging        | |  2.4
Stealth        | |  2.4

Action                     |  1- 3 |  4- 6 || total
---------------------------+-------+-------++-------
  Melee: Unarmed           |     1 |       ||     1
   Cast: Magic Dart        |    95 |    79 ||   174
         Searing Ray       |       |     6 ||     6
    Use: Potion            |     1 |       ||     1
 Armour: Robe              |     5 |     4 ||     9
  Dodge: Dodged            |    19 |    18 ||    37
